 Dungeon Crawl Stone Soup version 0.19.5 (webtiles) character file.

83353 Gargoyl the Corrupter of Planes (level 15, -8/126 HPs)
             Began as a Ghoul Abyssal Knight on Mar 5, 2017.
             Was the Champion of Lugonu.
             Killed from afar by Azrael (35 damage)
             ... with a fireball
             ... on level 1 of the Orcish Mines.
             The game lasted 01:20:56 (27209 turns).

Gargoyl the Corrupter of Planes (GhAK)             Turns: 27209, Time: 01:20:58

Health: -8/126     AC: 32    Str: 20    XL:     15   Next: 76%
Magic:  23/23      EV:  4    Int: 13    God:    Lugonu [******]
Gold:   1602       SH: 22    Dex: 13    Spells: 0 memorised, 14 levels left

rFire  . . .     SeeInvis .     x - +7 war axe
rCold  + . .     Gourm    .     K - +0 crystal plate armour
rNeg   + + +     Faith    .     r - +0 large shield
rPois  ∞         Spirit   .     o - +2 helmet
rElec  .         Reflect  +     d - +1 cloak
rCorr  .         Harm     .     I - +0 pair of gloves
MR     +....                    u - +2 pair of boots
Stlth  ..........               Q - +4 amulet of reflection
                                g - +2 ring of evasion
                                G - ring of Descent {Str+2 Int+6 Stlth+}

@: liquid flames, rotting, glowing
A: rotting body, claws 1, carnivore 3, cold resistance 1, negative energy
resistance 3, slow regeneration 1, torment resistance, unbreathing
a: Depart the Abyss, Bend Space, Banish, Corrupt, Enter the Abyss, Brand Weapon
With Distortion, Renounce Religion


You were on level 1 of the Orcish Mines.
You worshipped Lugonu.
Lugonu was exalted by your worship.
You were not hungry.

You visited 3 branches of the dungeon, and saw 23 of its levels.
You visited the Abyss 2 times.
You also visited: Sewer.

You collected 1896 gold pieces.
You spent 294 gold pieces at shops.

Inventory:

Hand Weapons
 k - a +2 war axe
 l - a +1 spear of venom
 x - a +7 war axe (weapon)
 U - the +8 spear of Sequestration {drain, rF+}
   (You found it on level 3 of the Lair of Beasts)

   A truly terrible weapon, it drains the life of those it strikes.
   It protects you from fire.
Armour
 d - a +1 cloak (worn)
 o - a +2 helmet (worn)
 r - a +0 large shield (worn)
 u - a +2 pair of boots (worn)
 I - a +0 pair of gloves (worn)
 K - a +0 crystal plate armour (worn)
Jewellery
 g - a +2 ring of evasion (right hand)
 G - the ring of Descent (left hand) {Str+2 Int+6 Stlth+}
   (You found it on level 2 of the Lair of Beasts)

   [ring of stealth]

   It affects your strength (+2).
   It affects your intelligence (+6).
   It makes you more stealthy.
 Q - a +4 amulet of reflection (around neck)
 R - an uncursed ring of see invisible
Wands
 e - a wand of lightning (4/15)
 y - a wand of slowing (20/48)
 J - a wand of disintegration (15/24)
 L - a wand of paralysis (14/24)
 V - a wand of digging (8/24)
Scrolls
 b - 4 scrolls of blinking
 i - 3 scrolls of identify
 j - 3 scrolls of fear
 n - 4 scrolls of remove curse
 p - 7 scrolls of teleportation
 s - 3 scrolls of recharging
 t - 7 scrolls of magic mapping
Potions
 a - 5 potions of brilliance
 h - a potion of agility
 q - 4 potions of magic
 v - 6 potions of haste
 z - 6 potions of resistance
 A - 4 potions of curing
 B - a potion of ambrosia
 C - 3 potions of flight
 D - 3 potions of invisibility
 S - 2 potions of might
Books
 f - a book of Alchemy

   Spells                             Type                      Level
   a - Sublimation of Blood           Necromancy                   2
   b - Ignite Poison                  Fire/Transmutation/Poison    3
   c - Petrify                        Transmutation/Earth          4
   d - Alistair's Intoxication        Transmutation/Poison         5
   e - Irradiate                      Conjuration/Transmutation    5
Miscellaneous
 H - 2 boxes of beasts
Comestibles
 c - 7 meat rations
 m - 7 beef jerkies
 E - 4 slices of pizza
 F - 6 chunks of flesh
 Y - 10 royal jellies


   Skills:
 + Level 10.3 Fighting
 + Level 11.7(12.5) Axes
 + Level 7.9(10.8) Polearms
 + Level 2.3 Throwing
 * Level 11.8 Armour
 + Level 1.6 Dodging
 * Level 11.9 Shields
 * Level 12.3 Invocations


You had 14 spell levels left.
You didn't know any spells.

Dungeon Overview and Level Annotations

Branches:
Dungeon (15/15)            Temple (0/1) D:7            Lair (6/6) D:11
  Swamp (0/4) Lair:4        Snake (0/4) Lair:4        Slime (0/5) Lair:5
    Orc (2/2) D:12            Elf (0/3) Orc:2        Vaults (0/5) D:13
 Depths (0/5) D:15

Altars:
Cheibriados
Dithmenos
Elyvilon
Kikubaaqudgha
Makhleb
Okawaru
Qazlal
Ru
Vehumet
Yredelemnul
Zin
Jiyva

Shops:
D:5 (   D:13 [   D:15 (   Orc:1 (

Annotations:
Lair:5 1 runed door
Orc:1 Azrael
Abyss:1 Sonja


Innate Abilities, Weirdness & Mutations

Your body is rotting away.
You thrive on raw meat.
You are immune to poison.
You have sharp fingernails.
You are carnivorous and can eat meat at any time.
Your flesh is cold resistant. (rC+)
You are immune to negative energy. (rN+++)
You regenerate slowly when monsters are visible.
You are immune to unholy pain and torment.
You can survive without breathing.


Message History

You feel invigorated. Azrael hits you but does no damage.
You hit Azrael.
Azrael is severely wounded.
Azrael hits you but does no damage.
You feel less invigorated.
You feel less confused.
There is a staircase back to the Dungeon here.
You hit Azrael.
Azrael is severely wounded.
Azrael gestures at you. The sticky flame hits you!
You are covered in liquid flames!
You slash Azrael!
Azrael is almost dead.
You are covered in liquid flames!
* * * LOW HITPOINT WARNING * * *
Azrael stops burning.
Azrael gestures at you.
The fireball explodes!
The fireball engulfs you!
You die...

#.#......................# ###
...).....................###.##
..#.......................#...#
...#.......................#.##
....#.................#.#(##.##
............>)................#
..#.......................##.##
..#.............))....##..##.###
)...............@>.....#.......##
............#...R).....##.##....#
.......................##.####.##
......................#....#####
...#........................##
....................#.#......##
.#............................#
..#.#........................##
..##....#......#....∩.#.......#


You could see Azrael.

Vanquished Creatures
  A frost giant (D:14)
  A fire giant (D:15)
  A stone giant (Orc:1)
  5 hydras
  Harold (D:10)
  A catoblepas (Lair:3)
  A death knight (D:15)
  A centaur warrior (D:14)
  2 dancing weapons (D:13)
  A deep troll shaman (Lair:6)
  6 death yaks (Lair:6)
  3 tengu warriors
  3 orc high priests (Orc:2)
  Nergalle (Lair:3)
  4 skeletal warriors
  An unseen horror (D:14)
  5 hill giants
  3 deep elf magi
  2 phantasmal warriors (D:15)
  A necromancer (Lair:6)
  3 orc knights (Orc:2)
  A wolf spider (D:15)
  2 orc sorcerers
  19 ugly things
  3 manticores
  4 cyclopes
  5 elephants (Lair:6)
  Joseph (Lair:1)
  4 black mambas
  5 spiny frogs
  A torpor snail (Lair:5)
  4 komodo dragons
  A freezing wraith (D:15)
  4 rime drakes
  A queen bee (shapeshifter) (D:13)
  A harpy zombie (D:15)
  3 two-headed ogres
  2 polar bears (Lair:6)
  A wolf spider simulacrum (D:14)
  7 slime creatures
  A dream sheep (Lair:5)
  3 blink frogs (Lair:4)
  7 trolls
  3 hippogriffs
  2 hornets (D:14)
  3 vampires
  A shadow (D:15)
  4 fire elementals (Orc:1)
  2 wyverns
  3 wraiths
  36 yaks
  A hungry ghost (D:13)
  A steam dragon (Lair:3)
  A basilisk (D:11)
  A warg (Orc:1)
  9 vampire mosquitoes
  3 nagas (Lair:4)
  2 soldier ants
  3 hell hounds
  6 water moccasins
  16 porcupines
  14 orc warriors
  2 black bears
  5 ice beasts
  2 sky beasts
  A hornet zombie (D:6)
  3 necrophages
  17 ogres
  3 phantoms
  20 wolves
  A wolf (shapeshifter) (D:15)
  4 centaurs
  15 crocodiles
  8 big kobolds
  19 bullfrogs
  A gnoll sergeant (D:12)
  2 wyvern skeletons
  A wyvern zombie (D:11)
  5 scorpions
  7 killer bees
  7 wights
  A crimson imp (D:6)
  4 centaur zombies
  2 bullfrog zombies
  4 jellies
  6 hounds
  15 orc priests
  2 centaur skeletons
  21 orc wizards
  3 bullfrog skeletons
  Natasha (D:2)
  7 hell rats (Lair:5)
  6 worker ants
  3 polar bear simulacra (Lair:6)
  2 yak simulacra (Lair:6)
  A wolf simulacrum (Lair:6)
  A hound skeleton (D:7)
  2 howler monkey zombies
  18 gnolls
  16 adders
  5 river rats
  6 shadow imps
  6 oozes
  2 adder skeletons
  9 worms
  2 dart slugs
  8 leopard geckos
  68 orcs
  8 bats
  5 giant cockroaches
  6 goblins
  8 hobgoblins
  11 jackals
  3 quokkas
  2 ball pythons
  4 frilled lizards
  A jackal zombie (D:7)
  22 kobolds
  2 leopard gecko skeletons
  A leopard gecko zombie (D:5)
  A quokka skeleton (D:9)
  10 rats
  5 river rat simulacra (Lair:6)
  A plant (Lair:6)
672 creatures vanquished.

Vanquished Creatures (others)
  The ghost of flsc the Cleaver, a journeyman MiFi of Makhleb (D:11)
  The ghost of Kloppie the Carver, a journeyman MiFi of Elyvilon (Lair:2)
  2 hydras
  2 centaur warriors (D:14)
  A cyclops (Orc:1)
  A mottled dragon (D:11)
  An orc warrior (D:6)
  An ogre (D:5)
  3 centaurs (D:15)
  A wight (D:5)
  4 orc priests (Orc:2)
  2 orc wizards (Orc:2)
  A bush (Lair:6)
  6 fungi
  9 plants
36 creatures vanquished.

Grand Total: 708 creatures vanquished

Notes
Turn   | Place    | Note
-------+----------+-------------------------------------------
     0 | Abyss:1  | Gargoyl the Ghoul Abyssal Knight began the quest for the Orb.
     0 | Abyss:1  | Reached XP level 1. HP: 19/19 MP: 1/1
     0 | Abyss:1  | Found a corrupted altar of Lugonu.
    69 | Abyss:4  | Noticed a large abomination
    88 | Abyss:4  | Noticed a large abomination
    88 | Abyss:4  | Noticed a large abomination
    89 | Abyss:4  | Noticed an Executioner
    89 | Abyss:4  | Noticed a large abomination
    90 | Abyss:4  | Noticed a large abomination
    91 | D:1      | Escaped the Abyss
   190 | D:1      | Reached * piety under Lugonu
   190 | D:1      | Reached skill level 1 in Dodging
   190 | D:1      | Reached XP level 2. HP: 22/26 MP: 2/2
   542 | D:1      | Reached XP level 3. HP: 29/33 MP: 3/3
  1388 | D:2      | Noticed Natasha
  1397 | D:2      | Killed Natasha
  1397 | D:2      | Reached ** piety under Lugonu
  1397 | D:2      | Reached XP level 4. HP: 31/40 MP: 3/5
  1974 | D:3      | Found a glowing drain.
  1989 | Sewer    | Entered a sewer
  2057 | Sewer    | Reached XP level 5. HP: 41/46 MP: 6/6
  2084 | Sewer    | Noticed a big kobold
  2100 | Sewer    | Killed a big kobold
  2100 | Sewer    | Reached skill level 3 in Invocations
  2107 | Sewer    | Noticed a big kobold
  2146 | Sewer    | Killed a big kobold
  2146 | Sewer    | Reached XP level 6. HP: 42/52 MP: 7/7
  2599 | Sewer    | Reached XP level 7. HP: 52/59 MP: 8/8
  2724 | Sewer    | Reached skill level 4 in Invocations
  2782 | D:3      | Reached *** piety under Lugonu
  2827 | D:3      | Noticed Sigmund
  2875 | D:3      | Banished Sigmund
  3167 | D:3      | Reached skill level 5 in Axes
  3529 | D:4      | Found a shadowy altar of Dithmenos.
  3593 | D:4      | Reached XP level 8. HP: 57/67 MP: 10/10
  3681 | D:4      | You fall through a shaft for 3 floors!
  3697 | D:7      | Found a staircase to the Ecumenical Temple.
  3980 | D:5      | Entered Level 5 of the Dungeon
  4060 | D:5      | Reached **** piety under Lugonu
  4161 | D:4      | Reached skill level 5 in Armour
  4747 | D:5      | Reached skill level 5 in Invocations
  4905 | D:5      | Reached skill level 5 in Fighting
  5323 | D:5      | Found Vahiotac's Antique Weapon Shop.
  5460 | D:5      | Reached XP level 9. HP: 74/74 MP: 12/12
  6718 | D:6      | Reached skill level 6 in Invocations
  7817 | D:7      | Found a white marble altar of Elyvilon.
  7817 | D:7      | Found a snail-covered altar of Cheibriados.
  7819 | D:7      | Found a basalt altar of Yredelemnul.
  7822 | D:7      | Found an ancient bone altar of Kikubaaqudgha.
  7823 | D:7      | Found a stormy altar of Qazlal.
  7823 | D:7      | Found a sacrificial altar of Ru.
  7824 | D:7      | Found a radiant altar of Vehumet.
  7825 | D:7      | Found an iron altar of Okawaru.
  7826 | D:7      | Found a glowing silver altar of Zin.
  8512 | D:8      | Reached XP level 10. HP: 30/83 MP: 14/14
  9082 | D:8      | Reached ***** piety under Lugonu
  9265 | D:8      | Reached skill level 7 in Invocations
  9819 | D:9      | Found a burning altar of Makhleb.
 10313 | D:10     | Entered Level 10 of the Dungeon
 10319 | D:10     | Noticed Harold
 10349 | D:10     | Killed Harold
 10670 | D:10     | Reached skill level 1 in Throwing
 10670 | D:10     | Reached skill level 1 in Shields
 10987 | D:10     | Reached XP level 11. HP: 81/92 MP: 15/15
 11140 | D:11     | Noticed a cyclops
 11339 | D:11     | Killed a cyclops
 11339 | D:11     | Reached skill level 8 in Invocations
 11413 | D:11     | Noticed a red ugly thing
 11785 | D:11     | Found a staircase to the Lair.
 11809 | D:11     | Killed a red ugly thing
 11899 | D:11     | Reached skill level 10 in Axes
 12398 | D:11     | Noticed a purple ugly thing
 12428 | D:11     | Killed a purple ugly thing
 12570 | D:11     | Noticed flsc's ghost (journeyman MiFi)
 12582 | D:11     | Banished flsc's ghost
 13300 | Lair:1   | Entered Level 1 of the Lair of Beasts
 13307 | D:11     | Noticed a hill giant
 13317 | D:11     | Killed a hill giant
 13736 | Lair:1   | Noticed Joseph
 13757 | Lair:1   | Killed Joseph
 13823 | Lair:1   | Reached XP level 12. HP: 85/102 MP: 17/17
 13892 | Lair:1   | Found a dark tunnel.
 14118 | Lair:1   | Reached skill level 9 in Invocations
 14719 | Lair:2   | Noticed Kloppie's ghost (journeyman MiFi)
 14728 | Lair:2   | Banished Kloppie's ghost
 15199 | Lair:2   | Got a scintillating lapis lazuli ring
 15201 | Lair:2   | Identified the ring of Descent {Str+2 Int+6 Stlth+} (You found it on level 2 of the Lair of Beasts)
 15285 | Lair:2   | Noticed an eight-headed hydra
 15291 | Lair:2   | Banished a nine-headed hydra
 15633 | Lair:3   | Noticed Nergalle
 15679 | Lair:3   | Killed Nergalle
 15825 | Lair:3   | Reached skill level 5 in Shields
 15892 | Lair:3   | Noticed Sonja
 15966 | Lair:3   | Got a twisted spear
 15967 | Lair:3   | Identified the +8 spear of Sequestration {drain, rF+} (You found it on level 3 of the Lair of Beasts)
 16132 | Lair:3   | Noticed a seven-headed hydra
 16143 | Lair:3   | Killed a seven-headed hydra
 16447 | Lair:3   | Noticed a catoblepas
 16478 | Lair:3   | Killed a catoblepas
 16752 | Lair:3   | Cast into level 1 of the Abyss (Sonja)
 16753 | Abyss:1  | Noticed a white draconian
 16753 | Lair:3   | Escaped the Abyss
 16783 | Lair:3   | Banished Sonja
 16783 | Lair:3   | Reached skill level 1 in Polearms
 16783 | Lair:3   | Reached skill level 10 in Invocations
 17366 | Lair:4   | Reached skill level 10 in Armour
 17387 | Lair:4   | Found a staircase to the Swamp.
 17427 | Lair:4   | Reached XP level 13. HP: 110/110 MP: 19/19
 17590 | Lair:4   | Found a staircase to the Snake Pit.
 18343 | Lair:5   | Found a runed door.
 18343 | Lair:5   | Found a viscous altar of Jiyva.
 18343 | Lair:5   | Found a staircase to the Slime Pits.
 18343 | Lair:5   | Noticed an acid blob
 19223 | Lair:6   | Entered Level 6 of the Lair of Beasts
 20641 | Lair:6   | Reached XP level 14. HP: 44/118 MP: 21/21
 20666 | Lair:6   | Reached skill level 5 in Polearms
 21116 | D:12     | Reached skill level 11 in Invocations
 21307 | D:12     | Found a staircase to the Orcish Mines.
 21458 | D:12     | Got a smoking mace
 21459 | D:12     | Identified the +8 mace "Beetleslayer" {holy, rF+ rC+ Int+4} (You found it on level 12 of the Dungeon)
 21941 | D:13     | Found Caumaqen's Antique Armour Emporium.
 21949 | D:13     | Bought an ancient cloak for 294 gold pieces
 21959 | D:13     | Identified the cursed -5 cloak "Qoeq" {rPois Int+2 Slay-4} (You bought it in a shop on level 13 of the Dungeon)
 22629 | D:13     | Found a gate to the Vaults.
 22744 | D:13     | Reached ****** piety under Lugonu
 23534 | D:14     | Reached skill level 10 in Shields
 23668 | D:14     | Noticed a frost giant
 23694 | D:14     | Killed a frost giant
 24170 | D:14     | Reached XP level 15. HP: 122/126 MP: 22/22
 24333 | D:15     | Entered Level 15 of the Dungeon
 24405 | D:14     | Reached skill level 10 in Fighting
 24713 | D:15     | Reached skill level 12 in Invocations
 24947 | D:15     | Found Ixtett's Weapon Shop.
 25235 | D:15     | Found a staircase to the Depths.
 25235 | D:15     | Noticed a fire giant
 25399 | D:15     | Killed a fire giant
 25883 | Orc:1    | Entered Level 1 of the Orcish Mines
 25901 | Orc:1    | Found Cititopt's Antique Weapon Shop.
 26283 | Orc:2    | Entered Level 2 of the Orcish Mines
 26336 | Orc:2    | Found a staircase to the Elven Halls.
 27135 | Orc:2    | Noticed Azrael
 27209 | Orc:1    | Killed from afar by Azrael

Skill      XL: |  1  2  3  4  5  6  7  8  9 10 11 12 13 14 15 |
---------------+----------------------------------------------+-----
Dodging        | 1 |  1.6
Armour         | 2 3 4 5 7 8 9 10 11 | 11.8
Axes           | 2 3 4 5 6 8 9 10 11 | 11.7
Fighting       | 4 5 7 8 9 10 | 10.3
Invocations    | 3 4 5 6 7 8 10 11 12 | 12.3
Throwing       | 1 2 |  2.3
Shields        | 1 2 6 8 10 11 | 11.9
Polearms       | 1 4 7 |  7.9

Action                   |  1- 3 |  4- 6 |  7- 9 | 10-12 | 13-15 || total
-------------------------+-------+-------+-------+-------+-------++-------
Melee: Hand axe          |   125 |   227 |   268 |       |       ||   620
       War axe           |       |       |   334 |   746 |   109 ||  1189
       Spear             |       |       |       |    93 |  2066 ||  2159
Throw: Tomahawk          |       |       |     7 |    40 |       ||    47
       Javelin           |       |       |       |       |    60 ||    60
Invok: Depart the Abyss  |     1 |       |       |     1 |       ||     2
       Banish            |       |       |     5 |     7 |     8 ||    20
       Bend Space        |       |       |       |       |     2 ||     2
  Use: Scroll            |    10 |     1 |    10 |    10 |    12 ||    43
       Potion            |     1 |       |     5 |     3 |     2 ||    11
  Eat: Chunk             |    14 |    16 |    58 |   131 |   182 ||   401
Armor: Plate armour      |   132 |   175 |   545 |   555 |       ||  1407
       Crystal plate arm |       |       |       |   101 |   776 ||   877
Dodge: Dodged            |    39 |    50 |   170 |   182 |   100 ||   541
Block: Buckler           |       |       |       |   111 |       ||   111
       Large shield      |       |       |       |   405 |  1591 ||  1996
       Reflection        |       |       |       |     4 |    59 ||    63
